 Dungeon Crawl Stone Soup version 0.23.2-33-g5129a83184 (webtiles) character file.

Game seed: 16352209560570264460

189 AarnesTheHuman the Charmwright (level 5, -10/41 HPs)
             Began as a Merfolk Skald on Aug 6, 2019.
             Was a Follower of Qazlal.
             Killed by divine providence
             ... invoked by an orc priest
              (11 damage)
             ... on level 2 of the Dungeon.
             The game lasted 00:06:07 (2719 turns).

AarnesTheHuman the Charmwright (Merfolk Skald)      Turns: 2719, Time: 00:06:07

Health: -10/41     AC:  3    Str: 13    XL:     5   Next: 68%
Magic:  6/9        EV: 10    Int: 12    God:    Qazlal [*.....]
Gold:   84         SH:  1    Dex: 13    Spells: 6/10 levels left

rFire    . . .     SeeInvis .   a - +0 spear
rCold    . . .     Gourm    .   (no shield)
rNeg     . . .     Faith    .   b - +0 leather armour
rPois    .         Spirit   .   (no helmet)
rElec    .         Reflect  .   (no cloak)
rCorr    .         Harm     .   (no gloves)
MR       .....                  (no boots)
Stlth    +.........             (no amulet)
HPRegen  0.13/turn              (no ring)
MPRegen  0.11/turn              (no ring)

@: infused, constricted
A: change form in water, swift swim, stealthy swim
a: Renounce Religion


You were on level 2 of the Dungeon.
You worshipped Qazlal.
Qazlal was aware of your devotion.
You were not hungry.

You visited 1 branch of the dungeon, and saw 3 of its levels.

You collected 84 gold pieces.

Inventory:

Hand Weapons
 a - a +0 spear (weapon)
Armour
 b - a +0 leather armour (worn)
Scrolls
 e - 2 scrolls of remove curse {unknown}
 h - a scroll of immolation {unknown}
 k - a scroll of teleportation {unknown}
 l - a scroll of amnesia {unknown}
Potions
 c - 3 potions of heal wounds {unknown}
 g - a potion of brilliance {unknown}
 i - a potion of flight {unknown}
 j - a potion of berserk rage {unknown}
Comestibles
 d - 9 rations
 f - 3 chunks of flesh


   Skills:
 + Level 3.2 Fighting
 - Level 3.6 Polearms
 - Level 0.6 Armour
 + Level 3.7 Dodging
 * Level 3.1 Spellcasting
 + Level 1.2 Hexes
 * Level 4.4 Charms


You had 6 spell levels left.
You knew the following spells:

 Your Spells              Type           Power        Failure   Level  Hunger
a - Infusion              Chrm           ##..         4%          1    #......
b - Spectral Weapon       Hex/Chrm       #.......     28%         3    ###....

Your spell library contained the following spells:

 Spells                   Type           Power        Failure   Level  Hunger
 Song of Slaying          Chrm           ##......     8%          2    ###....
 Shroud of Golubria       Chrm/Tloc      #.........   19%         2    ###....
 Slow                     Hex            #.......     28%         2    ###....
 Magic Dart               Conj           #...         30%         1    #......
 Regeneration             Chrm/Necr      #.........   36%         3    ###....
 Blink                    Tloc           N/A          43%         2    ###....
 Call Imp                 Summ           #.......     43%         2    ###....
 Conjure Flame            Conj/Fire      #.......     67%         3    ###....
 Mephitic Cloud           Conj/Pois/Air  #.......     67%         3    ###....


Dungeon Overview and Level Annotations

Branches:
Dungeon (3/15)

Altars:
Hepliaklqana
Qazlal
Vehumet

Annotations:
D:3 Sigmund


Message History

You hit the orc priest but do no damage.
The orc priest is heavily wounded.
The orc priest completely misses you. The ball python barely misses you.
The ball python constricts you.
You hit the orc priest.
The orc priest is severely wounded.
The orc hits you with a +0 short sword.
* * * LOW HITPOINT WARNING * * *
The orc priest hits you with a +0 trident!
* * * LOW HITPOINT WARNING * * *
The ball python closely misses you.
* * * LOW HITPOINT WARNING * * *
The ball python constricts you.
You barely miss the orc priest.
The orc priest is severely wounded.
The orc hits you with a +0 short sword.
* * * LOW HITPOINT WARNING * * *
The orc priest calls down the wrath of Beogh upon you.
Beogh smites you!
You die...

...........#.#..###...##.#..#..##
....(......####..#..#..##.#.....#
...........##..###.##...##.#..###
...........###.÷#..#..#..##.#..#.
...........#..###.##.##...##..##.
...........#...'..#..#).#..##.'..
...........##.###################
.................o÷..............
.......(..#####S@÷.......########
..........# ##.o.....#.#
#####+##### #..####.#.# #.#
#..####.#.# #.# #.........# #.#
##.######## #.# #.#
#.###########.# #.............#


You could see an orc priest, an orc and a ball python.

Vanquished Creatures
  An ogre (D:1)
  4 adders (D:2)
  An ooze (D:1)
  A worm (D:2)
  2 dart slugs
  5 leopard geckos
  2 orcs (D:2)
  2 ball pythons
  2 bats (D:2)
  A giant cockroach (D:2)
  7 goblins
  6 hobgoblins
  5 jackals
  A quokka (D:2)
  A ball python skeleton (D:2)
  3 frilled lizards
  5 kobolds
  A quokka skeleton (D:2)
  13 rats
63 creatures vanquished.

Vanquished Creatures (others)
  A spectral weapon (D:1)
1 creature vanquished.

Grand Total: 64 creatures vanquished

Notes
Turn   | Place    | Note
-------+----------+-------------------------------------------
     0 | D:1      | AarnesTheHuman the Merfolk Skald began the quest for the
                  | Orb.
     0 | D:1      | Reached XP level 1. HP: 16/16 MP: 3/3
   126 | D:1      | Reached XP level 2. HP: 21/23 MP: 0/5
   694 | D:1      | Reached XP level 3. HP: 20/28 MP: 6/6
   993 | D:2      | Found a stormy altar of Qazlal.
  1031 | D:2      | Became a worshipper of Qazlal Stormbringer
  1149 | D:2      | Found a hazy altar of Hepliaklqana.
  1210 | D:2      | Noticed an ogre
  1243 | D:1      | Learned a level 3 spell: Spectral Weapon
  1382 | D:2      | Found a radiant altar of Vehumet.
  1580 | D:2      | Reached XP level 4. HP: 30/34 MP: 7/7
  1877 | D:2      | Reached skill level 4 in Charms
  2319 | D:1      | Killed an ogre
  2319 | D:1      | Reached skill level 1 in Hexes
  2319 | D:1      | Reached XP level 5. HP: 23/41 MP: 0/9
  2534 | D:2      | Reached * piety under Qazlal
  2694 | D:3      | Noticed Sigmund
  2718 | D:2      | HP: 2/41 [ball python (1)]
  2719 | D:2      | Killed from afar by an orc priest

Skill      XL: |  1  2  3  4 |
---------------+-------------+-----
Dodging        | 3 |  3.7
Charms         | 4 |  4.4
Fighting       | 3 |  3.2
Spellcasting   | 3 |  3.1
Hexes          | 1 |  1.2
Polearms       | |  3.6
Armour         | |  0.6

Action                   |  1- 3 |  4- 6 || total
-------------------------+-------+-------++-------
Melee: Spear             |   190 |    94 ||   284
 Cast: Infusion          |     4 |     8 ||    12
       Spectral Weapon   |       |     1 ||     1
 Stab: Sleeping          |     2 |     3 ||     5
  Eat: Chunk             |     3 |     4 ||     7
Armor: Leather armour    |    26 |    24 ||    50
Dodge: Dodged            |    83 |    93 ||   176
Block: Other             |       |     4 ||     4
